Unix NetHack Version 5.0.0-0 post-release - last build May 30 2026 05:04:26 (55804bc15828dd6e32e9076e0726aa6fccb6e981,branch:main).

Game began 2026-05-30 17:23:00, ended 2026-05-30 17:35:40.

Brudee, neutral male human Tourist

                                      --------
                                       ......|          ----------
                                      |......|          |........|
                                      |...(..|    ######..........#
                                      |%.....|    #     |........|#
                                      |.....    ####    +........|##
                                      |)d.      #       -----.---- #
                                      -@-     # #                  #
                                    ##d#     ####                  ###   -----
                                    #        ##                      #   |...|
                                    #      ####                      ### |...|
                                   -.----  # #                         # |([.|
                                   |....|  #                           ##...<|
                                   .....-###                             |...|
                                   |....|                                -----
                                   |....|
                                   ------

Brudee the Sightseer        St:15 Dx:11 Co:11 In:13 Wi:8 Ch:18  Neutral S:302
Dlvl:3  $:746 HP:0(18) Pw:11(11) AC:4  Xp:3/48 T:904  Burdened

Latest messages:
 The hobbit wields a dagger!
 In what direction? l
 You kill the hobbit!
 Welcome to experience level 3.
 You have a little trouble lifting a - a blessed +2 dart (at the ready) (29 in total).
 With great effort you move the boulder.
 You hear some noises in the distance.
 You try to move the boulder, but in vain.
 You fall down the stairs.
 You swap places with Shaggy.
 Shaggy bites it.
 It hits Shaggy.
 You swap places with Shaggy.
 The goblin misses!
 You kill the goblin!
 You see here a goblin corpse.
 You swap places with Shaggy.
 Shaggy eats a goblin corpse.
 You are carrying too much to get through.
 You find a hidden passage.
 You swap places with Shaggy.
 That door is closed.
 The door opens.
 The grid bug misses!
 The grid bug bites!
 You get zapped!
 In what direction? h
 You kill the grid bug!
 You swap places with Shaggy.
 That door is closed.
 The door opens.
 The jackal misses!
 The jackal bites!
 The fox bites!
 You hit the jackal.
 The jackal bites!
 The fox bites!
 In what direction? k
 You kill the jackal!
 The fox bites!
 In what direction? u
 The dart hits the fox.
 The fox bites!
 The fox bites!
 The fox bites!
 Shaggy misses it.
 The fox bites!
 You die...
 Do you want your possessions identified? [ynq] (y) y
 Do you want to see your attributes? [ynq] (y) q

Inventory:
 Coins    ('$')
  $ - 746 gold pieces
 Weapons  (')')
  a - 26 blessed +2 darts (at the ready)
 Armor    ('[')
  x - an uncursed +0 helm of brilliance (being worn)
  k - an uncursed +0 Hawaiian shirt with a toucan motif (being worn)
  q - an uncursed rusty +1 chain mail (being worn)
 Comestibles  ('%')
  b - 4 uncursed food rations
  d - 2 uncursed pancakes
  c - an uncursed sprig of wolfsbane
  e - 4 uncursed tripe rations
  g - an uncursed tin of pickled jackal meat
  r - 3 uncursed lichen corpses
 Scrolls  ('?')
  n - an uncursed scroll of create monster
  j - 4 uncursed scrolls of magic mapping
 Potions  ('!')
  h - a blessed potion of extra healing
  i - an uncursed potion of extra healing
  t - an uncursed potion of levitation
 Wands    ('/')
  o - a wand of locking (0:5)
  s - a wand of polymorph (0:6)
 Tools    ('(')
  m - an uncursed credit card
  l - an expensive camera (0:77)
  E - an uncursed oil lamp
 Gems/Stones  ('*')
  v - an uncursed worthless piece of black glass
  w - an uncursed touchstone

Brudee the Tourist's attributes:

Background:
 You were a Sightseer, a level 3 male human Tourist.
 You were neutral, on a mission for The Lady
 who was opposed by Blind Io (lawful) and Offler (chaotic).
 You started out female.
 You were right-handed.
 You were in the Dungeons of Doom, on level 3.
 You entered the dungeon 904 turns ago.
 You had 48 experience points, 32 more were needed to attain level 4.
 Your score was 302 before end-of-game adjustments.

Basics:
 You had 0 out of 18 hit points.
 You had all 11 energy points (spell power).
 Your armor class was 4.
 Your wallet contained 746 zorkmids.
 Autopickup was on for '$!=+?/"' plus thrown.

Final Characteristics:
 Your strength was 15 (limit:18/100).
 Your dexterity was 11 (limit:18).
 Your constitution was 11 (limit:18).
 Your intelligence was 13 (limit:18).
 Your wisdom was 8 (limit:18).
 Your charisma was 18 (limit:18).

Final Status:
 You weren't hungry.
 You were burdened; movement was slightly slowed.
 You were bare handed.
 You were unskilled in bare handed combat.

Final Attributes:
 You were devoutly aligned.
 You were warded.
 You are dead.

Miscellaneous:
 You didn't encounter any bones levels.
 Total elapsed playing time was 12 minutes and 37 seconds.

Major events:
 Turn
    1: Brudee the neutral female human Tourist entered the dungeon
  735: attained the rank of Sightseer (level 3)
  904: killed by a fox

You didn't know any spells.

Skills:
 Fighting Skills
   bare handed combat [Unskilled]
   two weapon combat  [Unskilled]
   riding             [Unskilled]
 Weapon Skills
   dagger             [Unskilled]
   knife              [Unskilled]
   axe                [Unskilled]
   pick-axe           [Unskilled]
   short sword        [Unskilled]
   broadsword         [Unskilled]
   long sword         [Unskilled]
   two-handed sword   [Unskilled]
   saber              [Unskilled]
   mace               [Unskilled]
   morning star       [Unskilled]
   flail              [Unskilled]
   hammer             [Unskilled]
   quarterstaff       [Unskilled]
   polearms           [Unskilled]
   spear              [Unskilled]
   trident            [Unskilled]
   lance              [Unskilled]
   bow                [Unskilled]
   sling              [Unskilled]
   crossbow           [Unskilled]
   dart               [Basic]
   shuriken           [Unskilled]
   boomerang          [Unskilled]
   whip               [Unskilled]
   unicorn horn       [Unskilled]
 Spellcasting Skills
   divination spells  [Unskilled]
   enchantment spells [Unskilled]
   escape spells      [Unskilled]

Voluntary challenges:
 Character rerolling was not enabled.
 You were an atheist.
 You never hit with a wielded weapon.
 You never genocided any monsters.
 You never polymorphed an object.
 You never changed form.
 You used no wishes.
Achievements:
 You entered a shop.
 You attained the rank of Sightseer.

 The Dungeons of Doom: levels 1 to 3
    Level 1:
       A grave.
    Level 2:
       A general store, a fountain, a sink.
    Level 3: <- You were here.
       Final resting place for
          you, killed by a fox.


Vanquished creatures:
  a hobbit
  a gecko
  a jackal
  a kobold
  a goblin
  6 sewer rats
  5 grid bugs
  4 lichens
20 creatures vanquished.

No species were genocided or became extinct.

Game over:
                       ----------
                      /          \
                     /    REST    \
                    /      IN      \
                   /     PEACE      \
                  /                  \
                  |      Brudee      |
                  |      746 Au      |
                  | killed by a fox  |
                  |                  |
                  |                  |
                  |                  |
                  |       2026       |
                 *|     *  *  *      | *
        _________)/\\_//(\/(/\)/\//\/|_)_______

Aloha Brudee the Tourist...

You died in The Dungeons of Doom on dungeon level 3 with 302 points,
and 746 pieces of gold, after 904 moves.
You were level 3 with a maximum of 18 hit points when you died.

